 Dungeon Crawl Stone Soup version 0.19-b1-4-gd8a0a2a (webtiles) character file.

133 varam the Archer (level 4, 0/30 HPs)
             Began as a High Elf Hunter on Oct 30, 2016.
             Succumbed to a worker ant's poison
             ... on level 3 of the Dungeon.
             The game lasted 00:03:56 (2350 turns).

varam the Archer (High Elf Hunter)                  Turns: 2350, Time: 00:03:56

Health: 0/30       AC:  4    Str: 11    XL:     4   Next: 93%
Magic:  5/5        EV: 12    Int: 14    God:
Gold:   110        SH:  0    Dex: 17    Spells: 0 memorised, 3 levels left

rFire  . . .     SeeInvis .     b - +0 short sword
rCold  . . .     Gourm    .     c - +0 leather armour
rNeg   . . .     Faith    .     (no shield)
rPois  .         Spirit   .     h - +0 helmet
rElec  .         Reflect  .     (no cloak)
rCorr  .         Harm     .     (no gloves)
MR     .....                    (no boots)
Stlth  ++........               (no amulet)
                                (no ring)
                                (no ring)

@: lethally poisoned (0 -> -6)
A: no striking features
a: no special abilities


You were on level 3 of the Dungeon.
You were not hungry.

You visited 1 branch of the dungeon, and saw 3 of its levels.

You collected 110 gold pieces.

Inventory:

Hand Weapons
 a - a +1 shortbow
 b - a +0 short sword (weapon)
Missiles
 d - 93 arrows
Armour
 c - a +0 leather armour (worn)
 h - a +0 helmet (worn)
 q - a +0 cloak
Jewellery
 i - an uncursed ring of protection from magic {unknown}
 m - an uncursed ring of protection from cold {unknown}
Scrolls
 e - a scroll of magic mapping {unknown}
 g - 2 scrolls of remove curse {unknown}
 n - a scroll of teleportation {unknown}
 o - 2 scrolls of identify {unknown}
 t - a scroll of enchant armour {unknown}
Potions
 j - a potion of heal wounds {unknown}
 k - a potion of degeneration {unknown}
 p - a potion of curing {unknown}
 u - a potion of mutation {unknown}
Comestibles
 f - a bread ration
 l - a meat ration
 r - a beef jerky
 s - a chunk of flesh


   Skills:
 + Level 2.4 Fighting
 - Level 8.1 Bows
 - Level 2.1 Dodging
 - Level 1.1 Stealth


You had 3 spell levels left.
You didn't know any spells.

Dungeon Overview and Level Annotations

Branches:
Dungeon (3/15)

Altars:
Cheibriados


Message History

You are more poisoned.
The worker ant poisons you! The orc hits you but does no damage.
You hit the worker ant but do no damage.
You feel sick.
The worker ant bites you but does no damage.
The orc barely misses you. The worker ant bites you.
You are too injured to fight recklessly!
You are too injured to fight recklessly!
You feel sick.
You feel sick.
You closely miss the worker ant. The worker ant barely misses you.
You closely miss the worker ant.
You feel sick. The worker ant bites you.
* * * LOW HITPOINT WARNING * * *
The worker ant bites you.
* * * LOW HITPOINT WARNING * * *
You barely miss the worker ant.
* * * LOW HITPOINT WARNING * * *
You feel sick.
The worker ant bites you but does no damage.
You die...

.............(.# ......
##..............# ......
##...............# ......
.##................##...... .
#................ ........... #.
#...............##........... ..
#...............#........ ...#
.###..............ao.?...... ...
..###...........@.###....... #.
.................## #...... #.
...8....######...######..... #.
..8.8...#...........#.....## ###.
.8._.8....####.............###...
..8.8.....###.†.............#..##
...8...)......................###
..........##.....................
..........###...............#####


You could see a worker ant and an orc.

Vanquished Creatures
  Ijyb (D:2)
  A gnoll (D:1)
  4 adders (D:2)
  An ooze (D:3)
  A worm (D:2)
  2 dart slugs (D:2)
  A leopard gecko (D:1)
  2 orcs (D:2)
  7 goblins
  7 hobgoblins
  3 jackals (D:2)
  A quokka (D:2)
  5 bats
  3 frilled lizards (D:2)
  5 kobolds
  6 rats
50 creatures vanquished.

Notes
Turn   | Place    | Note
-------+----------+-------------------------------------------
     0 | D:1      | varam the High Elf Hunter began the quest for the Orb.
     0 | D:1      | Reached XP level 1. HP: 14/14 MP: 2/2
   416 | D:1      | Reached skill level 6 in Bows
   416 | D:1      | Reached XP level 2. HP: 19/19 MP: 3/3
   739 | D:2      | Noticed Ijyb
   747 | D:2      | Killed Ijyb
   747 | D:2      | Reached skill level 7 in Bows
   747 | D:2      | Reached XP level 3. HP: 24/24 MP: 4/4
  1020 | D:2      | Reached XP level 4. HP: 22/29 MP: 5/5
  1218 | D:2      | Found a snail-covered altar of Cheibriados.
  1556 | D:2      | Reached skill level 8 in Bows
  2274 | D:3      | Found a faded altar of an unknown god.
  2348 | D:3      | HP: 1/30 [poisoned by a worker ant]
  2350 | D:3      | Succumbed to a worker ant's poison

Skill      XL: |  1  2  3  4 |
---------------+-------------+-----
Bows           | 6 7 8 |  8.1
Fighting       | |  2.4
Dodging        | |  2.1
Stealth        | |  1.1

Action                   |  1- 3 |  4- 6 || total
-------------------------+-------+-------++-------
Melee: Short sword       |       |    74 ||    74
 Fire: Shortbow          |    81 |    29 ||   110
  Eat: Chunk             |       |     4 ||     4
Armor: Leather armour    |     7 |    27 ||    34
Dodge: Dodged            |    15 |    57 ||    72
